 Dungeon Crawl Stone Soup version 0.25.0-11-g1f837a76a1 (webtiles) character file.

Game seed: 10532690796704062746

546 guizzmo the Chopper (level 7, -2/44 HPs)
             Began as a Gargoyle Fighter on June 25, 2020.
             Slain by Crazy Yiuf
             ... wielding a +2 quarterstaff of chaos
              (10 damage)
             ... while paralysed by Crazy Yiuf
             ... on level 4 of the Dungeon.
             The game lasted 00:12:44 (3775 turns).

guizzmo the Chopper (Gargoyle Fighter)              Turns: 3775, Time: 00:12:44

Health: -2/44      AC:  0    Str: 21    XL:     7   Next: 28%
Magic:  7/7        EV:  5    Int:  9    God:
Gold:   198        SH:  0    Dex: 14    Spells: 6/6 levels left

rFire    . . .     SeeInvis .   (weapon currently unavailable)
rCold    . . .     Gourm    .   (shield currently unavailable)
rNeg     + . .     Faith    .   (armour currently unavailable)
rPois    ∞         Spirit   .   (helmet currently unavailable)
rElec    .         Reflect  .   (cloak currently unavailable)
rCorr    .         Harm     .   (gloves currently unavailable)
MR       .....                  (boots currently unavailable)
Stlth    +.........             (no amulet)
HPRegen  0.14/turn              (ring currently unavailable)
MPRegen  0.10/turn              (ring currently unavailable)

@: paralysed, bat-form, flying, very quick
A: tiny, negative energy resistance 1, petrification resistance, rot immunity,
AC +4
a: no special abilities


You were on level 4 of the Dungeon.
You were not hungry.
You were in bat-form.
You visited 1 branch of the dungeon, and saw 4 of its levels.

You collected 198 gold pieces.

Inventory:

Hand Weapons
 a - a +0 war axe (melded)
 o - a +0 dagger of venom
 v - the +7 long sword "Mavax" {venom, *Contam +Fly rF+ Str+2}
   (You took it off an orc on level 4 of the Dungeon)

   It poisons the flesh of those it strikes.
   It affects your strength (+2).
   It protects you from fire.
   It lets you fly.
   It causes magical contamination when unequipped.
 x - a +1 short sword of speed
Missiles
 d - 5 boomerangs (quivered)
Armour
 c - a +0 kite shield (melded)
 s - a +1 leather armour of fire resistance
 u - a +1 scale mail of poison resistance (melded)
Jewellery
 g - an uncursed ring of wizardry
 r - a cursed ring of attention {unknown}
Scrolls
 e - 6 scrolls of remove curse {unknown}
 i - a scroll of magic mapping {unknown}
 j - a scroll of identify {unknown}
 k - a scroll of fear {unknown}
 m - a scroll of enchant armour {unknown}
 n - a scroll of blinking {unknown}
 p - a scroll of amnesia {unknown}
 q - 2 scrolls of immolation {unknown}
Potions
 b - 2 potions of curing {unknown}
 h - a potion of degeneration {unknown}
 l - 2 potions of magic {unknown}
 t - a potion of heal wounds {unknown}
 z - a potion of invisibility {unknown}
 A - a potion of lignification {unknown}
Comestibles
 f - 7 rations


   Skills:
 + Level 4.3 Fighting
 + Level 5.5 Axes
 + Level 4.5 Armour
 + Level 4.3 Shields


You had 6 spell levels left.
You didn't know any spells.
Your spell library was empty.

Dungeon Overview and Level Annotations

Branches:
Dungeon (4/15)
 Temple: D:4-7

Altars:

Annotations:
D:4 Crazy Yiuf


Innate Abilities, Weirdness & Mutations

You are resistant to torment.
((Your stone body is resilient. (AC +4)))
You are immune to poison.
You resist negative energy. (rN+)
((You are resistant to electric shocks. (rElec)))
((You can survive without breathing.))
You are immune to petrification.
You are immune to rotting.


Message History

Crazy Yiuf laughs, "Tonal!"
You block Crazy Yiuf's attack.
You closely miss Crazy Yiuf.
Crazy Yiuf is lightly wounded.
Crazy Yiuf drinks a potion.
Crazy Yiuf seems to grow stronger.
You hit Crazy Yiuf but do no damage.
Crazy Yiuf is lightly wounded.
Crazy Yiuf says, "Crazy?
Crazy!?
PORCUPINE!"
Crazy Yiuf hits you with a +2 quarterstaff of chaos!
You closely miss Crazy Yiuf.
Crazy Yiuf is lightly wounded.
Crazy Yiuf hits you with a +2 quarterstaff of chaos.
You suddenly lose the ability to move!
Crazy Yiuf hits you with a +2 quarterstaff of chaos!!
* * * LOW HITPOINT WARNING * * *
You turn into a bat.
Your +0 war axe melds into your body.
Your +0 kite shield melds into your body.
Your +1 scale mail of poison resistance melds into your body.
Crazy Yiuf hits you with a +2 quarterstaff of chaos!
You die...

#..)......[.....
#####.....##....
#.....##....
#####
#.....##....
#)..#
########....
#...# #.... ...
#.... #g#
########....
#b##
#...........
##.#
#.##########
#.## #.# ##.#
#.# ##.## #.#
##P..# #.#
#..P.# #.#
#....# #.#
#....###.#


You could see Crazy Yiuf (strong).

Vanquished Creatures
  Edmund (D:3)
  A sky beast (D:4)
  A crimson imp (D:4)
  A centaur skeleton (D:4)
  2 orc priests (D:3)
  An orc wizard (D:3)
  2 iguanas
  A worker ant (D:4)
  3 adders
  An ooze (D:2)
  2 worms (D:2)
  3 dart slugs
  A leopard gecko (D:1)
  14 orcs
  A ball python (D:3)
  7 bats
  5 giant cockroaches
  7 hobgoblins
  A quokka (D:3)
  3 frilled lizards
  11 goblins
  3 kobolds
  6 rats
78 creatures vanquished.

Notes
Turn   | Place    | Note
-------+----------+-------------------------------------------
     0 | D:1      | guizzmo the Gargoyle Fighter began the quest for the Orb.
     0 | D:1      | Reached XP level 1. HP: 14/14 MP: 1/1
   227 | D:1      | Reached XP level 2. HP: 19/19 MP: 2/2
   243 | D:1      | Reached skill level 2 in Axes
   436 | D:1      | Reached XP level 3. HP: 23/23 MP: 3/3
  1403 | D:2      | Reached XP level 4. HP: 28/28 MP: 4/4
  1751 | D:2      | Reached skill level 3 in Axes
  2103 | D:3      | Reached XP level 5. HP: 33/33 MP: 5/5
  2158 | D:3      | Reached skill level 4 in Axes
  2726 | D:3      | Reached XP level 6. HP: 38/38 MP: 6/6
  3028 | D:4      | Noticed Edmund
  3068 | D:3      | Killed Edmund
  3118 | D:4      | Reached skill level 5 in Axes
  3169 | D:4      | Identified the +7 long sword "Mavax" {venom, *Contam +Fly
                  | rF+ Str+2}
  3231 | D:4      | Noticed a sky beast
  3256 | D:4      | Killed a sky beast
  3256 | D:4      | Reached XP level 7. HP: 30/44 MP: 7/7
  3470 | D:4      | Found a runed translucent door.
  3471 | D:4      | Noticed Crazy Yiuf
  3773 | D:4      | Paralysed by Crazy Yiuf for 4 turns
  3775 | D:4      | Slain by Crazy Yiuf

Illustrated notes

Levels and vault maps discovered:
D:1:      lordsloth_arrival_two_stooges, layout_basic
D:2:      layout_loops_ring
D:3:      layout_basic, first_ration
D:4:      layout_rooms, uniq_edmund, uniq_crazy_yiuf_cottage

Skill      XL: |  1  2  3  4  5  6 |
---------------+-------------------+-----
Axes           | 2 3 4 5 |  5.5
Armour         | 4 |  4.5
Shields        | 4 |  4.3
Fighting       | 4 |  4.3

Action                   |  1- 3 |  4- 6 |  7- 9 || total
-------------------------+-------+-------+-------++-------
Melee: War axe           |   148 |   155 |    13 ||   316
       Dagger            |       |     1 |       ||     1
  Use: Potion            |       |     1 |       ||     1
  Eat: Chunk             |     2 |     5 |     3 ||    10
Armor: Scale mail        |    81 |    78 |     3 ||   162
Dodge: Dodged            |    46 |    39 |     1 ||    86
Block: Kite shield       |    76 |    57 |     3 ||   136
